 Dungeon Crawl Stone Soup version 0.31-a0-246-g8cbcc1cb85 (webtiles) character file.

Game seed: 17916645330172940052

3506 Newt the Skirmisher (level 10, -1/57 HPs)
             Began as a Kobold Hunter on July 12, 2023.
             Was a Follower of Hepliaklqana.
             Slain by an orc knight
             ... wielding a +0 war axe
              (12 damage)
             ... in a bailey.
             The game lasted 00:09:31 (8158 turns).

Newt the Skirmisher (Kobold Hunter)                 Turns: 8158, Time: 00:09:32

Health: -1/57      AC: 12    Str: 14    XL:     10   Next: 28%
Magic:  10/10      EV: 18    Int: 19    God:    Hepliaklqana [*.....]
Gold:   235        SH:  5    Dex: 22    Spells: 9/9 levels left

rFire   + . .        I - +6 arbalest "Fiapnask" {elec, Str+5 Stlth+}
rCold   . . .        (shield currently unavailable)
rNeg    + . .        c - +0 leather armour
rPois   .            k - +1 helmet
rElec   .            b - +2 cloak
rCorr   .            l - +0 pair of gloves "Ipinluw" {Int+8}
SInv    .            D - +0 pair of boots
Will    .....        A - amulet of reflection
Stlth   +++++++      r - ring of positive energy
HPRegen 0.29/turn    t - ring of protection from fire
MPRegen 0.12/turn

%: reflection
@: studying Stealth
A: reduced essence, small, no large weapons, nightstalker 3, iridescent scales 1
a: Renounce Religion, Recall Ancestor, Ancestor Identity


You were in a bailey.
You worshipped Hepliaklqana.
Hepliaklqana was aware of your devotion.
You visited 2 branches of the dungeon, and saw 9 of its levels.
You also visited: Bailey.

You collected 495 gold pieces.
You spent 260 gold pieces at shops.

Inventory:

Hand Weapons
 a - a +1 shortbow
 I - the +6 arbalest "Fiapnask" (weapon) {elec, Str+5 Stlth+}
   (You acquired it on level 7 of the Dungeon)

   Str:       It affects your strength (+5).
   Stlth:     It makes you more stealthy.
Armour
 b - a +2 cloak (worn)
 c - a +0 leather armour (worn)
 k - a +1 helmet (worn)
 l - the +0 pair of gloves "Ipinluw" (worn) {Int+8}
   (You acquired it on level 2 of the Dungeon)

   Int:       It affects your intelligence (+8).
 D - a +0 pair of boots (worn)
Jewellery
 d - an amulet of guardian spirit
 r - a ring of positive energy (left hand)
 t - a ring of protection from fire (right hand)
 w - an amulet of faith
 x - a ring of flight
 A - an amulet of reflection (around neck)
 B - a ring of see invisible
Wands
 i - a wand of polymorph (7)
 u - a wand of digging (1)
 E - a wand of roots (7)
 J - a wand of flame (11)
Scrolls
 f - a scroll of enchant armour
 g - 2 scrolls of fog {unknown}
 h - a scroll of brand weapon {unknown}
 p - 2 scrolls of amnesia
 s - 3 scrolls of revelation
 v - 2 scrolls of immolation
 y - a scroll of poison {unknown}
 K - 3 scrolls of identify
Potions
 e - 3 potions of brilliance
 j - a potion of cancellation
 m - a potion of might
 n - a potion of curing
 o - 3 potions of attraction
 q - 3 potions of heal wounds
 z - a potion of invisibility
 C - a potion of enlightenment {unknown}
 F - a potion of lignification {unknown}
 G - 2 potions of magic {unknown}
 H - a potion of degeneration {unknown}


   Skills:
 - Level 8.0 Fighting
 - Level 14.0 Ranged Weapons
 + Level 6.2 Dodging
 - Level 10.0 Stealth


You had 9 spell levels left.
You didn't know any spells.
Your spell library contained the following spells:

 Spells                   Type           Power      Damage    Failure   Level
 Shock                    Conj/Air       0%         1d3       26%         1
 Slow                     Hex            0%         N/A       26%         1
 Poisonous Vapours        Pois/Air       0%         N/A       36%         2
 Confusing Touch          Hex            0%         N/A       61%         3
 Mephitic Cloud           Conj/Pois/Air  0%         N/A       61%         3
 Swiftness                Air            0%         N/A       61%         3
 Vampiric Draining        Necr           0%         2d6       61%         3
 Airstrike                Air            0%         2d(0-16)  95%         4
 Leda's Liquefaction      Hex/Erth       0%         N/A       95%         4
 Freezing Cloud           Conj/Ice/Air   0%         6-21      100%        5
 Lee's Rapid Deconstruct  Erth           0%         3d4*      100%        5
 Leda's Unmaking          Conj/Erth      0%         9d1       100%        6


Dungeon Overview and Level Annotations

Branches:
Dungeon (8/15)             Temple (1/1) D:6          Bailey (1/1)
   Lair: D:8-11

Altars:
Ashenzari
Cheibriados
Gozag
Hepliaklqana
Kikubaaqudgha
Makhleb
Nemelex Xobeh
Okawaru
Qazlal
Trog
Uskayaw
Vehumet
Wu Jian
Xom
Yredelemnul
Zin
The Shining One

Shops:
D:5 (   D:7 !


Innate Abilities, Weirdness & Mutations

Your life essence is reduced to manifest your ancestor. (-10% HP)
You are small and have problems with some larger weapons.
You are completely attuned to the shadows.
You are partially covered in iridescent scales. (AC +2)


Message History

Press: ? - help, Shift-Dir - straight line, f - hobgoblin
Aim: a hobgoblin, wielding a +0 hand axe and wearing a +0 leather armour (74% to hit)
You shoot a bolt. The bolt hits the hobgoblin!!
Lightning courses through the hobgoblin!
You kill the hobgoblin!
Unknown command.
Fire: I) +6 arbalest "Fiapnask" {elec, Str+5 Stlth+}
Press: ? - help, Shift-Dir - straight line, f - orc knight
Aim: an orc knight, wielding a +0 war axe and wearing a +0 chain mail (72% to hit)
You shoot a bolt. The bolt hits the orc knight.
The orc knight is lightly wounded.
Unknown command.
Unknown command.
You shoot a bolt.
The bolt completely misses the orc knight.
You block the orc knight's attack.
You shoot a bolt. The bolt hits the orc knight.
Lightning courses through the orc knight!
The orc knight is moderately wounded.
The orc knight hits you with a +0 war axe!
The orc knight barely misses you.
You shoot a bolt. The bolt hits the orc knight!
The orc knight is moderately wounded.
The orc knight hits you with a +0 war axe!
You shoot a bolt.
The bolt completely misses the orc knight.
The orc knight misses you.
You shoot a bolt. The bolt hits the orc knight!!
The orc knight is severely wounded.
The orc knight hits you with a +0 war axe!
You shoot a bolt.
The bolt hits the orc knight but does no damage.
The orc knight is severely wounded.
The orc knight hits you but does no damage.
You shoot a bolt. The bolt hits the orc knight!
The orc knight is almost dead.
The orc knight hits you with a +0 war axe!!
* * * LOW HITPOINT WARNING * * *
The orc knight hits you with a +0 war axe!
You die...

#....).)....
###..)......#
###)###..)..###
###.....#'#.###
##.........### .
#...........# ..
#...........#
..)#)....⌠.....#
.))o@.......)..#
..)#....).)....#
.. ##.........##
# ###....)###
###.### ###


You could see an orc knight.

Vanquished Creatures
  Pikel (D:5)
  A wraith (D:7)
  A water moccasin (D:6)
  6 orc warriors
  2 ice beasts (D:6)
  A black bear (D:6)
  2 ogres (D:5)
  4 centaurs
  A lemure (D:5)
  A phantom (D:5)
  2 kobold brigands
  4 scorpions
  A howler monkey (D:7)
  2 hounds
  3 orc priests
  A gnoll bouda (D:6)
  2 jellies (D:5)
  10 iguanas
  2 sleepcaps (D:6)
  5 orc wizards
  Robin (D:4)
  14 gnolls
  6 adders
  2 white imps
  3 worms
  3 dart slugs
  18 orcs
  4 bats
  6 endoplasms
  5 giant cockroaches
  22 goblins
  9 hobgoblins
  6 jackals
  11 kobolds
  3 quokkas
  3 ball pythons
  A frilled lizard (D:1)
  5 rats
174 creatures vanquished.

Vanquished Creatures (collateral kills)
  4 goblins
4 creatures vanquished.

Vanquished Creatures (others)
  An ancestor (Bailey)
1 creature vanquished.

Grand Total: 179 creatures vanquished

Notes
Turn   | Place    | Note
-------+----------+-------------------------------------------
     0 | D:1      | Newt the Kobold Hunter began the quest for the Orb.
     0 | D:1      | Reached XP level 1. HP: 12/12 MP: 1/1
    84 | D:1      | Reached XP level 2. HP: 18/18 MP: 2/2
   478 | D:1      | Found a faded altar of an unknown god.
   530 | D:1      | Reached XP level 3. HP: 24/24 MP: 3/3
   917 | D:2      | Identified 2 scrolls of acquirement
   917 | D:2      | Acquired the +0 pair of gloves "Ipinluw" {Int+8}
   924 | D:2      | Acquired a manual of Stealth
  1059 | D:2      | Reached XP level 4. HP: 30/30 MP: 4/4
  1463 | D:2      | Reached skill level 5 in Fighting
  1622 | D:3      | Reached XP level 5. HP: 30/35 MP: 5/5
  1756 | D:3      | Reached skill level 5 in Stealth
  2002 | D:3      | Reached XP level 6. HP: 40/40 MP: 6/6
  2589 | D:4      | Noticed Robin
  2685 | D:4      | Killed Robin
  2983 | D:4      | Reached skill level 10 in Stealth
  2983 | D:4      | Reached XP level 7. HP: 16/44 MP: 2/7
  2991 | D:4      | Reached skill level 6 in Ranged Weapons
  3354 | D:4      | Found a sparkling altar of Nemelex Xobeh.
  3627 | D:5      | Entered Level 5 of the Dungeon
  3629 | D:5      | Found Nuh Maw's Antique Weapon Boutique.
  3659 | D:5      | Reached skill level 7 in Ranged Weapons
  3830 | D:5      | Reached skill level 8 in Ranged Weapons
  4176 | D:5      | Reached XP level 8. HP: 40/49 MP: 5/8
  4190 | D:5      | Reached skill level 9 in Ranged Weapons
  4391 | D:5      | Noticed Pikel
  4467 | D:5      | Killed Pikel
  4468 | D:5      | Reached skill level 10 in Ranged Weapons
  4968 | D:5      | Reached XP level 9. HP: 45/54 MP: 9/9
  5586 | D:6      | Found a staircase to the Ecumenical Temple.
  5633 | Temple   | Entered the Ecumenical Temple
  5835 | Temple   | Became a worshipper of Hepliaklqana the Forgotten
  6342 | D:6      | Reached skill level 11 in Ranged Weapons
  6612 | D:6      | Found a glowing silver altar of Zin.
  6958 | D:7      | Found Dixir's Distillery.
  6965 | D:7      | Bought a potion of heal wounds for 50 gold pieces
  6965 | D:7      | Bought a potion of heal wounds for 50 gold pieces
  6965 | D:7      | Bought 2 potions of mutation for 160 gold pieces
  6982 | D:7      | Gained mutation: You occasionally lose the ability to drink
                  | potions when taking damage. [potion of mutation]
  6982 | D:7      | Gained mutation: You have sharp toenails. [potion of
                  | mutation]
  6983 | D:7      | Lost mutation: You occasionally lose the ability to drink
                  | potions when taking damage. [potion of mutation]
  6983 | D:7      | Lost mutation: You have sharp toenails. [potion of
                  | mutation]
  6983 | D:7      | Gained mutation: You are partially covered in iridescent
                  | scales. (AC +2) [potion of mutation]
  6983 | D:7      | Gained mutation: Your magical capacity is low. (-10% MP)
                  | [potion of mutation]
  6983 | D:7      | Lost mutation: Your magical capacity is low. (-10% MP)
                  | [potion of mutation]
  7017 | D:7      | Reached skill level 12 in Ranged Weapons
  7057 | D:7      | Reached XP level 10. HP: 38/64 MP: 10/10
  7362 | D:7      | Acquired the +6 arbalest "Fiapnask" {elec, Str+5 Stlth+}
  7365 | D:7      | Reached * piety under Hepliaklqana
  8056 | D:8      | Found a flagged portal.
  8066 | Bailey   | Entered a bailey
  8089 | Bailey   | Reached skill level 13 in Ranged Weapons
  8149 | Bailey   | Noticed an orc knight
  8150 | Bailey   | Reached skill level 14 in Ranged Weapons
  8158 | Bailey   | Slain by an orc knight

Illustrated notes

Levels and vault maps discovered:
D:1:      dpeg_arrival_arbitrary_a, layout_loops_cross,
          ebering_ecumenical_altar_rust, dk_noncrumbling_2
D:2:      layout_rooms
D:3:      layout_basic, corexii_shack
D:4:      layout_loops_ring, nemelex_spade_bored_becter, uniq_robin
D:5:      layout_cave_pods, serial_shops, nicolae_diamond_shop, uniq_pikel
D:6:      layout_basic, general_overflow_altar, temple_fountains,
          kennysheep_generic_room_15
D:7:      layout_basic, serial_shops, nicolae_shop_tiny_statue_garden,
          minivault_26, minmay_bent
D:8:      layout_basic, mainiacjoe_overflow_alcove_3, enter_bailey_3,
          serial_shops, nicolae_shop_real_fake_doors, uniq_maurice
Temple:   regret_index_temple_waves
Bailey:   bailey_axe_minmay_hex_keep, bailey

Skill      XL: |  1  2  3  4  5  6  7  8  9 10 |
---------------+-------------------------------+-----
Fighting       | 3 4 5 8 |  8.0
Stealth        | 3 7 10 | 10.0
Ranged Weapons | 8 10 12 14 | 14.0
Dodging        | 6 |  6.2

Action                     |  1- 3 |  4- 6 |  7- 9 | 10-12 || total
---------------------------+-------+-------+-------+-------++-------
  Melee: Shortbow          |       |     9 |       |       ||     9
   Fire: Shortbow          |    75 |   156 |   351 |     4 ||   586
         Arbalest          |       |       |       |    59 ||    59
    Use: Scroll            |     2 |     3 |     8 |     2 ||    15
         Potion            |       |     2 |     5 |       ||     7
 Armour: Leather armour    |     5 |    22 |    34 |     1 ||    62
  Dodge: Dodged            |    15 |    70 |   178 |    11 ||   274
  Block: Other             |       |       |    39 |     4 ||    43
         Reflection        |       |       |     5 |       ||     5

Table legend: (Time is in decaauts)
 A = Elapsed time spent in this place.
 B = Non-inter-level travel time spent in this place.
 C = Inter-level travel time spent in this place.
 D = Time resting spent in this place.
 E = Time spent auto-exploring this place.
 F = Levels seen in this place.
 G = Mean time per level.
                   A        B        C        D        E       F      G
               +--------+--------+--------+--------+--------+-----+--------+
         Total |   8202 |   7817 |    385 |   1131 |   5503 |  10 |  820.2 |
       Dungeon |   7874 |   7529 |    345 |   1131 |   5292 |   8 |  984.2 |
        Temple |    224 |    185 |     39 |      0 |    172 |   1 |  224.0 |
        Bailey |    103 |    103 |      0 |      0 |     39 |   1 |  103.0 |
               +--------+--------+--------+--------+--------+-----+--------+

Top non-repeatable levels by time:
     D:5: 1676 daAuts
     D:6: 1407 daAuts
     D:7: 1062 daAuts
     D:3: 1042 daAuts
     D:4: 1009 daAuts
     D:1: 907 daAuts
     D:2: 719 daAuts
  Temple: 224 daAuts
  Bailey: 103 daAuts
     D:8: 48 daAuts
